 Dungeon Crawl Stone Soup version 0.20.1-1-g8b1a95d (webtiles) character file.

107 ReignOfFire the Slasher (level 4, -5/34 HPs)
             Began as a Demonspawn Gladiator on July 25, 2017.
             Slain by ReignOfFire's ghost (9 damage)
             ... on level 3 of the Dungeon.
             The game lasted 00:02:29 (1955 turns).

ReignOfFire the Slasher (Demonspawn Gladiator)      Turns: 1955, Time: 00:02:29

Health: -5/34      AC:  3    Str: 19    XL:     4   Next: 57%
Magic:  4/4        EV: 13    Int: 10    God:
Gold:   55         SH:  0    Dex: 15    Spells: 3/3 levels left

rFire    . . .     SeeInvis .   a - +0 long sword
rCold    . . .     Gourm    .   (no shield)
rNeg     . . .     Faith    .   b - +0 leather armour
rPois    .         Spirit   .   (helmet restricted)
rElec    .         Reflect  .   (no cloak)
rCorr    .         Harm     .   (no gloves)
MR       .....                  (no boots)
Stlth    +.........             (no amulet)
Regen    0.2/turn               (no ring)
MPRegen  0.1/turn               (no ring)

@: mighty
A: horns 1, powered by pain 1
a: no special abilities


You were on level 3 of the Dungeon.
You were hungry.

You visited 1 branch of the dungeon, and saw 3 of its levels.

You collected 55 gold pieces.

Inventory:

Hand Weapons
 a - a +0 long sword (weapon)
Missiles
 d - 3 throwing nets (quivered)
Armour
 b - a +0 leather armour (worn)
 h - a cursed +0 helmet
Scrolls
 c - a scroll of enchant weapon {unknown}
 e - 9 scrolls of identify {unknown}
 i - a scroll of remove curse {unknown}
 j - a scroll of blinking {unknown}
 k - a scroll of teleportation {unknown}
 q - a scroll of random uselessness {unknown}
 r - a scroll of noise {unknown}
Potions
 n - a potion of brilliance {unknown}
 o - 2 potions of mutation {unknown}
Comestibles
 f - 2 bread rations
 p - 2 meat rations


   Skills:
 + Level 2.8 Fighting
 + Level 3.5 Long Blades
 + Level 1.8 Throwing
 + Level 1.2 Armour
 + Level 3.3 Dodging
 + Level 0.8 Stealth


You had 3 spell levels left.
You didn't know any spells.

Dungeon Overview and Level Annotations

Branches:
Dungeon (3/15)

Altars:

Annotations:
D:3 ReignOfFire's ghost, amateur DsGl


Innate Abilities, Weirdness & Mutations

You have a pair of small horns on your head.
You sometimes gain a little power by taking damage.


Message History

ReignOfFire's ghost hits you. ReignOfFire's ghost closely misses you.
You closely miss ReignOfFire's ghost.
Your headbutt misses ReignOfFire's ghost.
ReignOfFire's ghost is heavily damaged.
ReignOfFire's ghost closely misses you.
You barely miss ReignOfFire's ghost.
Your headbutt misses ReignOfFire's ghost.
ReignOfFire's ghost is heavily damaged.
ReignOfFire's ghost completely misses you.
You riposte.
You barely miss ReignOfFire's ghost.
ReignOfFire's ghost is heavily damaged.
You hit ReignOfFire's ghost.
Your headbutt misses ReignOfFire's ghost.
ReignOfFire's ghost is heavily damaged.
ReignOfFire's ghost hits you!
* * * LOW HITPOINT WARNING * * *
You barely miss ReignOfFire's ghost.
ReignOfFire's ghost is heavily damaged.
ReignOfFire's ghost hits you!
You die...

.# .. .# ##.. ......
.#..## .....
#########..#
#....@W....#
#.######.### #.#
#...# #.# ##..#
#######.# #$†..#
#....##.#######.#.##
#.##...............
#.#####.##########.#
#.# #.# .#


You could see ReignOfFire's ghost.

Vanquished Creatures
  A worker ant (D:3)
  3 adders (D:2)
  3 dart slugs
  2 leopard geckos
  2 ball pythons (D:1)
  A bat (D:1)
  A giant cockroach (D:1)
  4 goblins
  10 hobgoblins
  5 jackals
  2 frilled lizards (D:2)
  6 kobolds
  8 rats
48 creatures vanquished.

Notes
Turn   | Place    | Note
-------+----------+-------------------------------------------
     0 | D:1      | ReignOfFire the Demonspawn Gladiator began the quest for the Orb.
     0 | D:1      | Reached XP level 1. HP: 16/16 MP: 1/1
   495 | D:1      | Gained mutation: You sometimes gain a little power by taking damage. [demonic ancestry]
   495 | D:1      | Reached XP level 2. HP: 22/22 MP: 2/2
  1212 | D:2      | Gained mutation: You have a pair of small horns on your head. [demonic ancestry]
  1212 | D:2      | Reached XP level 3. HP: 27/28 MP: 3/3
  1613 | D:2      | Reached XP level 4. HP: 20/34 MP: 4/4
  1630 | D:2      | Reached skill level 1 in Armour
  1754 | D:3      | HP: 1/34 [worker ant (3)]
  1939 | D:3      | Noticed ReignOfFire's ghost (amateur DsGl)
  1955 | D:3      | Slain by ReignOfFire's ghost

Skill      XL: |  1  2  3  4 |
---------------+-------------+-----
Dodging        | 3 |  3.3
Long Blades    | 3 |  3.5
Armour         | 1 |  1.2
Fighting       | |  2.8
Throwing       | |  1.8
Stealth        | |  0.8

Action                   |  1- 3 |  4- 6 || total
-------------------------+-------+-------++-------
Melee: Long sword        |   119 |    29 ||   148
       Headbutt          |     8 |     7 ||    15
  Use: Potion            |     2 |     2 ||     4
 Stab: Sleeping          |     1 |     1 ||     2
  Eat: Chunk             |     2 |     1 ||     3
Armor: Leather armour    |    33 |     1 ||    34
Dodge: Dodged            |    98 |    26 ||   124
       Rpst.: Long sword |    22 |    10 ||    32
